 Dungeon Crawl Stone Soup version 0.31.0-11-ge490571c62 (webtiles) character file.

Game seed: 1908098505863237917

830 qw the Skirmisher (level 7, -6/40 HPs)
             Began as a Deep Elf Hunter on Feb 4, 2024.
             Mangled by Pikel
             ... wielding a +0 whip of flaming
              (9 damage)
             ... on level 5 of the Dungeon.
             The game lasted 00:00:18 (3665 turns).

qw the Skirmisher (Deep Elf Hunter)                 Turns: 3665, Time: 00:00:19

Health: -6/40      AC:  7    Str: 10    XL:     7   Next: 65%
Magic:  9/9        EV: 16    Int: 14    God:
Gold:   199        SH:  0    Dex: 18    Spells: 6/6 levels left

rFire   + . .        a - +1 shortbow
rCold   + . .        (shield currently unavailable)
rNeg    . . .        c - +0 ring mail
rPois   +            (no helmet)
rElec   .            i - scarf {rC+ rF+}
rCorr   .            (no gloves)
SInv    .            b - +1 pair of boots
Will    .....        (no amulet)
Stlth   +            e - +5 ring of evasion
HPRegen 0.26/turn    h - ring of poison resistance
MPRegen 0.11/turn

%: no passive effects
@: no status effects
A: no striking features
a: no special abilities


You were on level 5 of the Dungeon.
You visited 2 branches of the dungeon, and saw 6 of its levels.

You collected 199 gold pieces.


   Skills:
 - Level 2.0 Fighting
 + Level 11.7 Ranged Weapons
 - Level 1.2 Armour
 - Level 3.4 Dodging
 - Level 1.2 Stealth


You had 6 spell levels left.
You didn't know any spells.
Your spell library was empty.

Inventory:

Hand Weapons
 a - a +1 shortbow (weapon)
Armour
 b - a +1 pair of boots (worn)
 c - a +0 ring mail (worn)
 i - a scarf of resistance (worn)
Jewellery
 e - a +5 ring of evasion (left hand)
 h - a ring of poison resistance (right hand)
Potions
 g - 2 potions of curing
 j - a potion of mutation {unknown}

Dungeon Overview and Level Annotations

Branches:
Dungeon (5/15)             Temple (1/1) D:4

Altars:
Ashenzari
Cheibriados
Dithmenos
Elyvilon
Fedhas
Gozag
Kikubaaqudgha
Makhleb
Nemelex Xobeh
Qazlal
Uskayaw
Vehumet
Wu Jian
Yredelemnul
Zin
The Shining One

Shops:
D:5 =

Annotations:
D:3 1 runed translucent door, Crazy Yiuf
D:4 2 transporters, qw's ghost, amateur SpHu
D:5 Pikel


Message History

Pikel misses you.
You shoot an arrow. The arrow hits Pikel.
Pikel is heavily wounded.
Pikel completely misses you.
You shoot an arrow. The arrow hits Pikel.
Pikel is heavily wounded.
Pikel misses you.
You shoot an arrow. The arrow hits Pikel.
Pikel is heavily wounded.
Pikel hits you with a +0 whip of flaming!
Pikel burns you.
You shoot an arrow. The arrow closely misses Pikel.
The arrow barely misses the lemure.
Pikel hits you with a +0 whip of flaming!
Pikel burns you.
You shoot an arrow. The arrow hits Pikel.
Pikel is severely wounded.
Pikel completely misses you.
You shoot an arrow. The arrow hits Pikel.
Pikel is almost dead.
Pikel closely misses you.
You shoot an arrow.
The arrow hits Pikel but does no damage.
Pikel is severely wounded.
Pikel hits you with a +0 whip of flaming.
You shoot an arrow. The arrow completely misses Pikel.
The arrow closely misses the lemure.
Pikel hits you with a +0 whip of flaming.
You shoot an arrow.
The arrow hits Pikel but does no damage.
Pikel is severely wounded.
Pikel barely misses you.
You shoot an arrow. The arrow closely misses Pikel.
The arrow hits the lemure!
The lemure is moderately wounded.
Pikel barely misses you.
You shoot an arrow. The arrow hits Pikel.
Pikel is almost dead.
Pikel hits you with a +0 whip of flaming!
You die...
Pikel says, "See you in Hell!"

######### #.......#
#####
#.......#####5...>.
#..........@K5.....
#.......#####5.....
#....<..# .....
#####'### ....
####.#### ...
#.......# .. #
#.##.##.# . #
#.##\...# #
#.####..#


You could see Pikel and 3 lemures.

Vanquished Creatures
  Grinder (D:3)
  Menkaure (D:4)
  An ogre (D:4)
  A lemure (D:5)
  2 scorpions (D:4)
  A jelly (D:4)
  A bombardier beetle (D:3)
  2 orc priests
  An orc wizard (D:4)
  2 adders
  3 dart slugs
  A ribbon worm (D:3)
  14 orcs
  7 ball pythons
  11 endoplasms
  3 giant cockroaches
  5 goblins
  8 hobgoblins
  6 jackals (D:1)
  3 quokkas
  9 bats
  5 frilled lizards
  13 kobolds
  12 rats
113 creatures vanquished.

Notes
Turn   | Place    | Note
-------+----------+-------------------------------------------
     0 | D:1      | qw the Deep Elf Hunter began the quest for the Orb.
     0 | D:1      | Reached XP level 1. HP: 12/12 MP: 3/3
     0 | D:1      | 0 ||| qw: Version: 0.3-a-160-g6735b56
     0 | D:1      | 0 ||| qw: Game counter: 4321
     0 | D:1      | 0 ||| qw: Melee chars always use a shield: true
     0 | D:1      | 0 ||| qw: God list: Okawaru
     0 | D:1      | 0 ||| qw: Allow faded altars: false
     0 | D:1      | 0 ||| qw: Do Orc after clearing Dungeon:15 true
     0 | D:1      | 0 ||| qw: Do second Lair branch before Depths: true
     0 | D:1      | 0 ||| qw: Lair rune preference: random
     0 | D:1      | 0 ||| qw: Goals: Normal
     0 | D:1      | 0 ||| PLANNING D:1-11
   100 | D:1      | Reached XP level 2. HP: 16/16 MP: 4/4
   108 | D:1      | Reached skill level 6 in Ranged Weapons
   298 | D:1      | Reached XP level 3. HP: 20/20 MP: 5/5
   727 | D:1      | Reached skill level 7 in Ranged Weapons
   729 | D:1      | 729 ||| UPGRADING to +5 ring of evasion.
   730 | D:1      | 730 ||| UPGRADING to ring of poison resistance.
   731 | D:1      | 731 ||| READING scroll labelled HABORGH WOIRHUCVOU.
   732 | D:1      | 732 ||| READING scroll labelled TOINUR KUSYAX.
   733 | D:1      | 733 ||| READING scroll labelled OWKUD LEXYSUWN.
   737 | D:1      | 737 ||| READING scroll labelled ZENAILA ULOE.
   737 | D:1      | 737 ||| ENCHANTING +0 shortbow.
   738 | D:1      | 738 ||| READING scroll labelled JIGUOR LOGG.
   738 | D:1      | 738 ||| IDENTIFYING bubbling sapphire potion
   739 | D:1      | 739 ||| DRINKING 2 viscous red potions.
   740 | D:1      | 740 ||| DROPPING scroll of butterflies.
   741 | D:1      | 741 ||| DROPPING potion of brilliance.
   958 | D:2      | Reached XP level 4. HP: 18/25 MP: 6/6
  1600 | D:2      | 1600 ||| UPGRADING to +0 scale mail.
  1610 | D:2      | 1610 ||| DROPPING +0 leather armour.
  1611 | D:2      | 1611 ||| READING scroll labelled ZUATHR ITEAT.
  1654 | D:2      | 1654 ||| READING scroll labelled NIFOCR RIEMI.
  1655 | D:2      | 1655 ||| READING scroll labelled WUARIHOITA.
  1656 | D:2      | 1656 ||| DRINKING 3 orange potions.
  1690 | D:3      | Noticed Grinder
  1698 | D:3      | HP: 6/25 [hobgoblin (3)]
  1699 | D:3      | 1699 ||| DRINKING 2 potions of heal wounds.
  1709 | D:3      | Paralysed by Grinder for 2 turns
  1711 | D:3      | HP: 6/25 [Grinder (8)]
  1712 | D:3      | 1712 ||| DRINKING potion of heal wounds.
  1717 | D:3      | 1717 ||| FLEEEEING.
  1718 | D:3      | 1718 ||| FLEEEEING.
  1722 | D:3      | Paralysed by Grinder for 4 turns
  1727 | D:3      | Killed Grinder
  1728 | D:3      | Reached skill level 9 in Ranged Weapons
  1728 | D:3      | Reached XP level 5. HP: 19/29 MP: 7/7
  1728 | D:3      | Reached XP level 6. HP: 22/34 MP: 8/8
  1842 | D:3      | Found an ancient bone altar of Kikubaaqudgha.
  1965 | D:3      | Found a blossoming altar of Fedhas.
  1983 | D:3      | Reached skill level 1 in Armour
  2162 | D:3      | Found a white marble altar of Elyvilon.
  2264 | D:3      | Found a runed translucent door.
  2265 | D:3      | Noticed Crazy Yiuf
  2461 | D:3      | 2461 ||| UPGRADING to +0 ring mail.
  2471 | D:3      | 2471 ||| DROPPING +0 scale mail.
  2472 | D:3      | 2472 ||| UPGRADING to scarf of resistance.
  2477 | D:3      | 2477 ||| READING scroll of identify.
  2477 | D:3      | 2477 ||| IDENTIFYING dark potion
  2478 | D:3      | 2478 ||| DRINKING 3 bubbling pink potions.
  2479 | D:3      | 2479 ||| DROPPING 2 potions of magic.
  2541 | D:4      | 2541 ||| STAIRDANCE
  2547 | D:4      | 2547 ||| STAIRDANCE
  2554 | D:4      | 2554 ||| STAIRDANCE
  2607 | D:4      | 2607 ||| STAIRDANCE
  2666 | D:4      | Reached skill level 10 in Ranged Weapons
  2697 | D:4      | Reached skill level 3 in Dodging
  2714 | D:4      | Found an opulent altar of Gozag.
  2748 | D:4      | Noticed qw's ghost (amateur SpHu)
  2749 | D:4      | Found a transporter.
  2757 | D:4      | Reached XP level 7. HP: 40/40 MP: 9/9
  2761 | D:4      | 2761 ||| DRINKING 2 potions of curing.
  2761 | D:4      | 2761 ||| (to cure confusion)
  2764 | D:4      | 2764 ||| FLEEEEING.
  2765 | D:4      | 2765 ||| FLEEEEING.
  2766 | D:4      | 2766 ||| FLEEEEING.
  2809 | D:4      | Noticed Menkaure
  2810 | D:4      | 2810 ||| DRINKING potion of haste.
  2817 | D:4      | Killed Menkaure
  2818 | D:4      | Reached skill level 11 in Ranged Weapons
  2934 | D:4      | Identified the staff "Ecih" {+Blink Will- Dex-3 SInv Conj}
  2998 | D:4      | Found a staircase to the Ecumenical Temple.
  2999 | D:4      | 2999 ||| PLANNING TEMPLE
  2999 | D:4      | 2999 ||| UPGRADING to +1 pair of boots.
  3010 | Temple   | Entered the Ecumenical Temple
  3011 | Temple   | 3011 ||| PLANNING D:1-11
  3439 | D:4      | Found a transporter.
  3577 | D:5      | Entered Level 5 of the Dungeon
  3578 | D:5      | Found Wyobriaz's Jewellery Shoppe.
  3584 | D:5      | 3584 ||| SHOPLISTING amulet "Muatouxy" {RegenMP -Tele rElec
                  | rF+++ Int-2 Stlth+} (847 gold, have 171).
  3584 | D:5      | 3584 ||| SHOPLISTING amulet of guardian spirit (360 gold,
                  | have 171).
  3584 | D:5      | 3584 ||| SHOPLISTING ring of fire (300 gold, have 171).
  3584 | D:5      | 3584 ||| SHOPLISTING ring of protection from cold (300
                  | gold, have 171).
  3584 | D:5      | 3584 ||| SHOPLISTING ring of the Hare {EV+10} (1536 gold,
                  | have 171).
  3584 | D:5      | 3584 ||| SHOPLISTING ring of the Inviting Gods {Wiz
                  | *Corrode rN+ Slay+2} (528 gold, have 171).
  3640 | D:5      | Noticed Pikel
  3658 | D:5      | HP: 10/40 [Pikel/+0 whip of flaming (1)]
  3662 | D:5      | HP: 2/40 [Pikel/+0 whip of flaming (6)]
  3665 | D:5      | Mangled by Pikel

Levels and vault maps discovered:
D:1:      dpeg_arrival_tiny_b, layout_basic, nrook_mini_backslash,
          minmay_bisected
D:2:      layout_basic
D:3:      layout_basic, mainiacjoe_overflow_surrounded_room, minitemple,
          uniq_crazy_yiuf_cottage, uniq_grinder
D:4:      layout_basic, grunt_gozag_breadcrumbs, minmay_temple_entry_ruins,
          gammafunk_ghost_arena, minmay_misc_feat_cross, uniq_menkaure
D:5:      layout_basic, serial_shops, shop, uniq_pikel
Temple:   nicolae_temple_bog_church

Skill      XL: |  1  2  3  4  5  6  7 |
---------------+----------------------+-----
Ranged Weapons | 6 7 9 10 11 | 11.7
Fighting       | 2 |  2.0
Armour         | 1 |  1.2
Dodging        | 3 |  3.4
Stealth        | |  1.2

Action                     |  1- 3 |  4- 6 |  7- 9 || total
---------------------------+-------+-------+-------++-------
   Fire: Shortbow          |   128 |   152 |    77 ||   357
    Use: Scroll            |     5 |     4 |       ||     9
         Potion            |     1 |     4 |     2 ||     7
 Armour: Leather armour    |    21 |     2 |       ||    23
         Scale mail        |       |    24 |       ||    24
         Ring mail         |       |     9 |    10 ||    19
  Dodge: Dodged            |    22 |    51 |    21 ||    94

Table legend:
 A = Non-vault XP
 B = Vault XP
 C = Vault XP percentage of total XP
 D = Non-vault monster count
 E = Vault monster count
 F = Vault count percentage of total count
                 A         B        C        D         E       F
            +---------+---------+-------+---------+---------+-------
      Total |     730 |     457 |  38.5 |     109 |       3 |   2.7
            +---------+---------+-------+---------+---------+-------
        D:1 |      63 |       2 |   3.1 |      36 |       1 |   2.7
        D:2 |      57 |       0 |   0.0 |      27 |       0 |   0.0
        D:3 |     146 |     290 |  66.5 |      31 |       1 |   3.1
        D:4 |     461 |     165 |  26.4 |      14 |       1 |   6.7
        D:5 |       3 |       0 |   0.0 |       1 |       0 |   0.0
            +---------+---------+-------+---------+---------+-------
